 Dungeon Crawl Stone Soup version 0.14-a0-1546-g4b4961f (webtiles) character file.

241794 PolkaDot the Maledictor (level 19, -12/143 HPs)
             Began as a Vampire Enchanter on Dec 18, 2013.
             Was the Champion of Ashenzari.
             Shot with a bolt of penetration by a vault warden (27 damage)
             ... on Level 4 of the Vaults on Dec 19, 2013.
             The game lasted 04:34:48 (40445 turns).

PolkaDot the Maledictor (Vampire Enchanter)        Turns: 40445, Time: 04:34:48

HP -12/143       AC  8     Str  8      XL: 19   Next:  5%
MP   1/33        EV 35     Int 26      God: Ashenzari [******]
Gold 1170        SH 18     Dex 31      Spells: 10 memorised,  3 levels left

rFire  . . .     SeeInvis +     a - +5 dagger (curse)
rCold  + . .     Clarity  +     e - +2 elf robe {rC+} (curse)
rNeg   + . .     Conserve +     r - +0 buckler (curse)
rPois  .         rCorr    +     (no helmet)
rElec  .         rRot     .     u - +2 cloak {rCorr, Cons} (curse)
SustAb . .       Spirit   .     (no gloves)
rMut   .         Warding  .     s - +0 pair of boots (curse)
Saprov . . .     Stasis   .     (no amulet)
                                i - cursed ring "Clogog" {Dex+4 Int+3}
                                y - cursed +4 ring of dexterity

@: about to teleport, brilliant, agile, very slightly contaminated, hasted, very
quick, quite resistant to hostile enchantments, uncannily stealthy
A: bottle blood, fangs 3, see invisible, unbreathing
a: Bat Form, Bottle Blood, Scrying, Transfer Knowledge, Renounce Religion
}: 1/15 runes: decaying


You were on level 4 of the Vaults.
You worshipped Ashenzari.
Ashenzari was exalted by your worship.
You were not thirsty.

You visited 6 branches of the dungeon, and saw 35 of its levels.
You also visited: Sewer and Ossuary.

You collected 2392 gold pieces.
You spent 1222 gold pieces at shops.

Inventory:

Hand weapons
 a - a cursed +5,+5 dagger (weapon)
Missiles
 d - 2 throwing nets (quivered)
Armour
 b - a +0 fire dragon armour
 e - a cursed +2 elven robe of cold resistance (worn)
 r - a cursed +0 buckler (worn)
 s - a cursed +0 pair of boots (worn)
 u - a cursed +2 cloak of preservation (worn)
Magical devices
 f - a wand of disintegration (11)
 K - a wand of paralysis (17)
Scrolls
 g - 4 scrolls of remove curse
 m - 4 scrolls of teleportation
 o - 4 scrolls of identify
 p - a scroll of enchant weapon III
 t - a scroll of enchant weapon II
 w - a scroll of acquirement {unknown}
 x - 3 scrolls of blinking
 z - a scroll of torment {unknown}
 A - 2 scrolls of fog
Jewellery
 i - the cursed ring "Clogog" (right hand) {Dex+4 Int+3}
   (You bought it in a shop on level 5 of the Dungeon)

   [ring of intelligence]

   It affects your intelligence (+3).
   It affects your dexterity (+4).
   It has a curse placed upon it.
 y - a cursed +4 ring of dexterity (left hand)
Potions
 c - a potion of might
 h - a potion of brilliance
 j - a potion of curing
 n - 3 potions of restore abilities
 v - a potion of resistance
 B - 2 potions of speed
Books
 H - a book of Wizardry

   Spells                             Type                      Level
   Summon Elemental                   Summoning                    4
   Agony                              Necromancy                   5
   Force Lance                        Conjuration                  5
   Fireball                           Conjuration/Fire             5
   *Haste                             Charms                       6
   *Invisibility                      Hexes                        6
Magical staves
 q - an uncursed staff of air


   Skills:
 - Level 11.0 Fighting
 - Level 8.8(13.2) Short Blades
 - Level 0.7 Throwing
 * Level 5.0 Armour
 - Level 11.0(13.7) Dodging
 + Level 23.6(25.6) Stealth
 - Level 7.4(10.4) Shields
 - Level 8.5 Spellcasting
 * Level 23.7(25.7) Hexes
 - Level 13.0(15.6) Charms
 - Level 5.4(8.5) Transmutations


You had 3 spell levels left.
You knew the following spells:

 Your Spells              Type           Power        Failure   Level  Hunger
a - Corona                Hex            #######      0%          1    None
b - Sure Blade            Hex/Chrm       #######...   0%          2    None
c - Confuse               Hex            ########     0%          3    None
d - Ensorcelled Hibernat  Hex/Ice        ######       1%          2    None
e - Enslavement           Hex            ########     0%          4    ##.....
h - Haste                 Chrm           #######.     1%          6    ######.
i - Invisibility          Hex            ########     1%          6    ######.
p - Passwall              Trmt/Erth      #####.....   1%          3    None
D - Repel Missiles        Chrm/Air       ######....   1%          2    None
F - Flight                Chrm/Air       ######....   1%          3    None


Dungeon Overview and Level Annotations

Branches:
Dungeon (16/16)            Temple (1/1) D:5             Orc (1/4) D:11
   Lair (8/8) D:8           Swamp (5/5) Lair:6       Spider (0/5) Lair:6
  Slime (0/6) Lair:7       Vaults (4/5) D:14          Blade (0/1) Vaults:4
  Crypt (0/5) Vaults:2     Depths (0/6) D:16

Altars:
Ashenzari
Cheibriados
Elyvilon
Fedhas
Kikubaaqudgha
Makhleb
Nemelex Xobeh
Okawaru
Sif Muna
Trog
Vehumet
Xom
Yredelemnul
Zin
the Shining One
Jiyva

Shops:
D:5 =   D:14 %*   D:15 (}   Vaults:4 !

Annotations:
D:4 Grinder
D:16 exclusion: Roxanne, Roxanne
Lair:8 exclusion: 3 doors
Swamp:2 exclusion: tentacled monstrosity
Vaults:1 exclusion: door


Innate Abilities, Weirdness & Mutations

You can bottle blood from corpses.
You have razor-sharp teeth.*
You have supernaturally acute eyesight.
You can survive without breathing.*


Message History

Confirm with . or Enter, or press ? or * to list all spells.
You don't know that spell.
Casting: Confuse
Confirm with . or Enter, or press ? or * to list all spells.
Okay, then.
Drink which item? (? for menu, Esc to quit)
You feel yourself speed up.
The vault warden shoots a bolt of penetration.
The bolt of penetration pierces through you!
* * * LOW HITPOINT WARNING * * *
The tengu reaver misses you.
The tengu reaver pecks you but does no damage.
The tengu reaver closely misses you.
You are very lightly contaminated with residual magic.
Read which item? (? for menu, Esc to quit)
As you read the scroll of teleportation, it crumbles to dust.
You feel strangely unstable.
The vault warden shoots a bolt of penetration.
The bolt of penetration pierces through you!
You die...

#......# , * , **
#....§.# **, , *
#...§§§# ,,, ,.
#...§§§# *,, , , .
#..)§§§# , *.. * O
#...)§.# <,* .. O
#....§.# , ,.###O
#####+####,, ,,
,.[O. #..@....#{ ,
{ ,,... #.≈≈H≈≈*# *
** #+#
########.≈≈u≈≈.#
#..
#......#..@uu..#
#..
#......+.≈≈.≈≈.#
#..
#......#.≈≈.≈≈.#
#..
#[.....#.......#
#..
#......#####+#+####
#.. #......#
#.......#######..


You could see a vault warden, a tengu reaver, a cyan very ugly thing and 2 ugly
things.

Vanquished Creatures
  Saint Roka (Vaults:2)
  Norris (Vaults:3)
  Mara (Vaults:4)
  3 sphinxes
  Rupert (D:14)
  Frances (Swamp:5)
  Kirke (D:14)
  A frost giant (Vaults:3)
  Wiglaf (Vaults:3)
  Maud (D:14)
  Aizul (Vaults:3)
  Louise (D:14)
  10 vault wardens
  Jorgrun (Swamp:4)
  6 stone giants
  A dire elephant (Lair:8)
  Snorg (Swamp:5)
  A fire dragon (Vaults:1)
  A minotaur (D:16)
  11 yaktaur captains
  A ravenous feature mimic (Vaults:2)
  2 great orbs of eyes
  5 ironheart preservers
  5 vault guards
  Fannar (Lair:5)
  24 hydras
  2 ice dragons
  7 ogre magi
  Harold (D:12)
  The ghost of M4edhros the Force of Nature, a powerful OpCK of Fedhas (D:13)
  Nessos (D:14)
  A dancing weapon (Vaults:4)
  10 alligators
  A plague shambler (Vaults:2)
  7 death yaks (Lair:8)
  A deep dwarf death knight (Vaults:2)
  7 very ugly things
  2 catoblepae
  A fire crab (Vaults:3)
  Nergalle (D:12)
  6 deep elf knights
  15 centaur warriors
  5 skeletal warriors (Vaults:1)
  Erolcha (D:13)
  6 unseen horrors
  3 deep trolls
  The ghost of Drahman the Conjurer, an experienced DEWz of Vehumet (D:9)
  10 ironbrand convokers
  8 swamp dragons
  9 orc knights
  Pikel (D:7)
  A harpy (shapeshifter) (Vaults:1)
  3 giant amoebae
  An oklob plant (D:12)
  A phantasmal warrior (Vaults:2)
  A wizard (Vaults:1)
  A wolf spider (D:15)
  9 harpies
  14 hill giants
  A red wasp (shapeshifter) (D:15)
  An orc sorcerer (Vaults:3)
  5 red wasps
  10 cyclopes
  5 spiny worms
  5 griffons
  A deep elf conjurer (Vaults:3)
  9 elephants
  6 vault sentinels
  7 black mambas
  27 spiny frogs
  A fire drake (Lair:8)
  2 feature mimics (D:15)
  30 yaktaurs
  A hydra zombie (D:13)
  A troll (shapeshifter) (D:16)
  A jumping spider (Vaults:3)
  12 komodo dragons
  7 trolls
  54 slime creatures
  Sonja (D:16)
  3 deep elf priests
  8 two-headed ogres
  11 blink frogs
  9 giant leeches
  7 baby alligators (Swamp:1)
  7 bog bodies
  3 boulder beetles
  A hydra skeleton (D:8)
  A tarantella (shapeshifter) (D:13)
  6 basilisks
  2 shadows
  A fire giant simulacrum (Vaults:3)
  5 deep elf magi (Vaults:4)
  25 yaks
  A fire dragon skeleton (D:14)
  A trapdoor spider (D:16)
  2 elephant slugs
  4 redbacks (Vaults:3)
  56 ugly things
  3 wraiths
  11 hippogriffs
  A yak (shapeshifter) (Vaults:4)
  2 hungry ghosts
  Eustachio (D:7)
  A hog (shapeshifter) (D:14)
  46 vampire mosquitoes
  8 deep elf fighters
  4 sharks
  2 manticores
  2 clay golems
  2 hogs (D:14)
  A hill giant skeleton (D:9)
  Edmund (D:7)
  38 swamp worms
  A necrophage (D:8)
  A soldier ant (shapeshifter) (Vaults:3)
  8 swamp drakes
  16 orc warriors
  25 wolves
  6 ice beasts
  A kobold demonologist (Vaults:2)
  4 sky beasts
  6 porcupines
  5 freezing wraiths
  5 phantoms
  A yellow wasp (D:11)
  23 ogres
  A boring beetle (Lair:7)
  3 giant goldfish
  26 centaurs
  A big kobold (D:14)
  16 crocodiles
  A deep dwarf (shapeshifter) (Vaults:2)
  A boring beetle (shapeshifter) (Vaults:1)
  4 wargs
  12 giant slugs
  A komodo dragon zombie (D:16)
  A giant frog (shapeshifter) (D:16)
  A brain worm (D:15)
  19 water moccasins
  15 giant frogs
  A manticore zombie (D:12)
  17 agate snails
  2 earth elementals (D:14)
  A cyclops zombie (D:13)
  58 insubstantial wisps
  A wyvern skeleton (D:10)
  3 cyclops skeletons
  5 jellyfish
  3 wights (D:14)
  6 electric eels
  8 crimson imps
  24 killer bees
  8 big fish
  2 goliath beetles
  6 orc priests
  A jelly (D:12)
  Crazy Yiuf (D:7)
  A gnoll shaman (D:8)
  A centaur skeleton (D:6)
  10 orc wizards
  A cyclops simulacrum (D:14)
  4 water moccasin zombies (Ossuary)
  10 hounds
  2 scorpions
  2 orange rats
  4 iguanas
  13 worker ants
  4 big kobold zombies
  A shapeshifter simulacrum (D:15)
  10 sheep
  3 boggarts (Vaults:1)
  A hound zombie (D:7)
  2 mummies (Ossuary)
  6 gnolls (D:8)
  8 giant centipedes
  83 green rats
  24 adders
  An inept feature mimic (D:6)
  3 giant mites
  An inept item mimic (D:4)
  9 worms
  6 adder zombies (Ossuary)
  2 adder skeletons
  11 grey rats
  2 giant eyeballs
  6 giant geckos
  2 oozes
  48 orcs
  A gnoll zombie (Ossuary)
  18 hobgoblins
  13 quokkas
  3 ball pythons
  26 bats
  4 giant cockroaches
  A giant gecko skeleton (D:6)
  10 giant newts
  9 goblins
  2 goblin skeletons
  5 hobgoblin zombies (Ossuary)
  23 jackals
  23 kobolds
  3 kobold zombies (Ossuary)
  5 orc zombies (Ossuary)
  34 rats
  A rat skeleton (D:5)
  4 ballistomycetes (D:9)
  A fungus (D:12)
1504 creatures vanquished.

Vanquished Creatures (collateral kills)
  A centaur warrior (Vaults:1)
  An orc sorcerer (Vaults:1)
  A vault sentinel (Vaults:4)
  An eye of devastation (D:14)
  A brown ooze (shapeshifter) (Vaults:1)
  A deep elf mage (Vaults:1)
  4 wolves (Lair:4)
  An orc warrior (Vaults:1)
  An ogre (Vaults:2)
  2 centaurs
  An orc wizard (Vaults:1)
15 creatures vanquished.

Vanquished Creatures (others)
  A deep elf annihilator (Vaults:4)
  An ogre mage (D:16)
  An ugly thing (Vaults:4)
  An orc warrior (Vaults:2)
  A centaur (Vaults:2)
  A sky beast (D:7)
  2 humans
  A wyvern skeleton (D:14)
  A hound (D:7)
  A giant gecko (D:7)
  5 orcs
  A giant cockroach (D:7)
  A hobgoblin (D:7)
  A giant spore (D:9)
  8 fungi (Lair:8)
  A plant (Lair:8)
  10 toadstools (D:12)
38 creatures vanquished.

Grand Total: 1557 creatures vanquished

Notes
Turn   | Place    | Note
--------------------------------------------------------------
     0 | D:1      | PolkaDot, the Vampire Enchanter, began the quest for the Orb.
     0 | D:1      | Reached XP level 1. HP: 13/13 MP: 3/3
   126 | D:1      | Found a shattered altar of Ashenzari.
   140 | D:1      | Became a worshipper of Ashenzari the Shackled
   259 | D:1      | Reached XP level 2. HP: 10/19 MP: 2/4
   477 | D:1      | Reached skill level 5 in Hexes
   988 | D:1      | Reached XP level 3. HP: 22/24 MP: 6/6
  1467 | D:2      | Learned a level 3 spell: Confuse
  1679 | D:2      | Reached XP level 4. HP: 23/30 MP: 7/7
  2144 | D:3      | Reached skill level 6 in Hexes
  2481 | D:3      | Learned a level 2 spell: Ensorcelled Hibernation
  2665 | D:4      | Found a shimmering altar of Xom.
  2676 | D:4      | Reached XP level 5. HP: 35/35 MP: 9/9
  2935 | D:4      | Reached skill level 7 in Hexes
  2978 | D:4      | Noticed Grinder
  3250 | D:4      | Learned a level 2 spell: Sure Blade
  3589 | D:5      | Entered Level 5 of the Dungeon
  3628 | D:5      | Found a staircase to the Ecumenical Temple.
  3642 | D:5      | Reached skill level 5 in Stealth
  3642 | D:5      | Reached XP level 6. HP: 39/41 MP: 5/10
  3651 | Temple   | Entered the Ecumenical Temple
  3827 | D:5      | Noticed a troll
  3840 | D:5      | Killed a troll
  3840 | D:5      | Reached skill level 8 in Hexes
  3899 | D:5      | Reached XP level 7. HP: 42/46 MP: 2/12
  4107 | D:5      | Reached skill level 9 in Hexes
  4217 | D:5      | Found Aqofias' Jewellery Emporium.
  4447 | D:5      | Reached skill level 5 in Short Blades
  4549 | D:6      | Found a glowing drain.
  4576 | Sewer    | Entered a sewer
  4787 | Sewer    | Reached skill level 10 in Hexes
  4817 | Sewer    | Acquired Ashenzari's first power
  4974 | Sewer    | Reached XP level 8. HP: 29/52 MP: 1/13
  5457 | D:6      | Reached skill level 11 in Hexes
  5909 | D:5      | Bought a +4 ring of dexterity for 270 gold pieces
  6154 | D:7      | Found a glowing golden altar of the Shining One.
  6177 | D:7      | Found a sand-covered staircase.
  6186 | Ossuary  | Entered an ossuary
  6466 | Ossuary  | Acquired Ashenzari's second power
  6539 | Ossuary  | Reached skill level 12 in Hexes
  6662 | D:7      | Noticed Pikel
  6673 | D:7      | Killed Pikel
  6673 | D:7      | Reached skill level 10 in Stealth
  6673 | D:7      | Reached XP level 9. HP: 33/57 MP: 14/17
  6681 | D:7      | Learned a level 6 spell: Invisibility
  6703 | D:7      | Noticed Crazy Yiuf
  6709 | D:7      | Killed Crazy Yiuf
  6709 | D:7      | Identified a cloak of preservation (You took it off Crazy Yiuf on level 7 of the Dungeon)
  6914 | D:7      | Noticed Eustachio
  6920 | D:7      | Reached skill level 13 in Hexes
  6938 | D:7      | Killed Eustachio
  7063 | D:7      | Noticed Edmund
  7070 | D:7      | Killed Edmund
  7330 | D:7      | Found an ancient bone altar of Kikubaaqudgha.
  7446 | D:8      | Reached skill level 14 in Hexes
  7614 | D:8      | Found a staircase to the Lair.
  7755 | D:8      | Reached XP level 10. HP: 63/63 MP: 18/18
  7858 | D:8      | Reached skill level 1 in Shields
  8054 | D:8      | Identified Lee's Collected Works on Attacks
  8081 | D:8      | Found a radiant altar of Vehumet.
  8259 | Lair:1   | Entered Level 1 of the Lair of Beasts
  8448 | Lair:1   | Noticed a black mamba
  8455 | Lair:1   | Killed a black mamba
  8537 | Lair:1   | Noticed an eight-headed hydra
  8546 | Lair:1   | Killed an eight-headed hydra
  8556 | Lair:1   | Acquired Ashenzari's third power
  8632 | Lair:1   | Reached skill level 15 in Hexes
  8815 | Lair:2   | Reached skill level 5 in Shields
  9495 | Lair:3   | Reached XP level 11. HP: 68/68 MP: 20/20
  9518 | Lair:3   | Found a snail-covered altar of Cheibriados.
  9885 | Lair:3   | Noticed a catoblepas
  9989 | Lair:3   | Killed a catoblepas
 10131 | Lair:3   | Reached skill level 16 in Hexes
 10178 | Lair:3   | Noticed a black mamba
 10184 | Lair:3   | Killed a black mamba
 10229 | Lair:3   | Acquired Ashenzari's fourth power
 10237 | Lair:3   | Noticed a black mamba
 10246 | Lair:3   | Killed a black mamba
 10277 | Lair:3   | Learned a level 4 spell: Enslavement
 10984 | Lair:4   | Reached skill level 5 in Spellcasting
 10998 | Lair:4   | Noticed a four-headed hydra
 11001 | Lair:4   | Killed a four-headed hydra
 11015 | Lair:4   | Reached XP level 12. HP: 74/74 MP: 18/25
 11039 | Lair:4   | Reached skill level 15 in Stealth
 11811 | D:5      | Bought the ring "Clogog" {Dex+4 Int+3} for 395 gold pieces
 11922 | Lair:1   | Learned a level 3 spell: Flight
 11925 | Lair:1   | Learned a level 2 spell: Repel Missiles
 12016 | Lair:5   | Reached skill level 17 in Hexes
 12019 | Lair:5   | Reached skill level 1 in Charms
 12068 | Lair:5   | Noticed Fannar
 12074 | Lair:5   | Killed Fannar
 12656 | Lair:6   | Found a hole to the Spider Nest.
 12673 | Lair:6   | Found a deep blue altar of Sif Muna.
 12692 | Lair:6   | Found a staircase to the Swamp.
 12711 | Lair:6   | Noticed a five-headed hydra
 12713 | Lair:6   | Killed a five-headed hydra
 13040 | Lair:6   | Reached skill level 18 in Hexes
 13848 | Lair:7   | Reached XP level 13. HP: 72/79 MP: 16/27
 13942 | Lair:7   | Found a viscous altar of Jiyva.
 13942 | Lair:7   | Found a staircase to the Slime Pits.
 14019 | Lair:7   | Noticed an eight-headed hydra
 14025 | Lair:7   | Killed an eight-headed hydra
 14025 | Lair:7   | Reached skill level 5 in Charms
 14336 | Lair:8   | Entered Level 8 of the Lair of Beasts
 14340 | Lair:8   | Reached skill level 19 in Hexes
 14388 | Lair:8   | Noticed a dire elephant
 14689 | Lair:8   | Found a shattered altar of Ashenzari.
 15172 | Lair:8   | Killed a dire elephant
 15292 | Lair:8   | Reached skill level 20 in Hexes
 16321 | D:9      | Noticed Drahman's ghost (experienced DEWz)
 16338 | D:9      | Killed Drahman's ghost
 16673 | D:10     | Entered Level 10 of the Dungeon
 17522 | D:11     | Reached XP level 14. HP: 85/85 MP: 9/27
 17749 | D:11     | Found a staircase to the Orcish Mines.
 18579 | D:12     | Noticed Harold
 18582 | D:12     | Killed Harold
 18684 | D:12     | Noticed Nergalle
 18686 | D:12     | Killed Nergalle
 18784 | D:12     | Found a blossoming altar of Fedhas.
 19274 | D:13     | Noticed Erolcha
 19287 | D:13     | Killed Erolcha
 19633 | Orc:1    | Entered Level 1 of the Orcish Mines
 20041 | Swamp:1  | Entered Level 1 of the Swamp
 20134 | Swamp:1  | Reached skill level 21 in Hexes
 20491 | Swamp:1  | Identified the +8 blowgun "Huguth" {evade, rC+}
 21105 | Swamp:2  | Identified the +8,+9 mace of Shragorch {drain, rElec rN+ Str+3}
 21213 | Swamp:2  | Learned a level 6 spell: Haste
 21285 | Swamp:2  | Noticed a tentacled monstrosity
 21721 | Swamp:3  | Reached XP level 15. HP: 90/90 MP: 31/31
 21911 | Swamp:3  | Reached skill level 5 in Dodging
 23019 | Swamp:4  | Noticed Jorgrun
 23026 | Swamp:4  | Killed Jorgrun
 23026 | Swamp:4  | Reached skill level 22 in Hexes
 23635 | Swamp:5  | Entered Level 5 of the Swamp
 23635 | Swamp:5  | Noticed Frances
 23640 | Swamp:5  | Killed Frances
 23664 | Swamp:5  | Noticed Snorg
 23673 | Swamp:5  | Killed Snorg
 24544 | Swamp:5  | Got a decaying rune of Zot
 25100 | D:13     | Reached skill level 10 in Dodging
 25364 | D:13     | Noticed M4edhros' ghost (powerful OpCK)
 25367 | D:13     | Killed M4edhros' ghost
 25367 | D:13     | Reached XP level 16. HP: 96/96 MP: 26/31
 25890 | D:14     | Noticed Nessos
 25955 | D:14     | Noticed Kirke
 25960 | D:14     | Killed Kirke
 25999 | D:14     | Noticed Rupert
 26002 | D:14     | Killed Rupert
 26029 | D:14     | Found Ufom Sau's Pet Rocks.
 26043 | D:14     | Bought a book of Geomancy for 525 gold pieces
 26171 | D:14     | Noticed Maud
 26193 | D:14     | Killed Maud
 26429 | D:14     | Learned a level 3 spell: Passwall
 26484 | D:14     | Found a gate to the Vaults.
 26495 | D:14     | Reached skill level 1 in Transmutations
 26525 | D:14     | Noticed Louise
 26529 | D:14     | Killed Nessos
 26532 | D:14     | Killed Louise
 26781 | D:14     | Found Neogg's Food Emporium.
 27101 | D:15     | Entered Level 15 of the Dungeon
 27115 | D:15     | Reached skill level 1 in Fighting
 27409 | D:15     | Found Podghauk's Gadget Shoppe.
 27580 | D:15     | Reached skill level 5 in Transmutations
 27801 | D:15     | Found Wiehicki's Weapon Shoppe.
 28042 | D:16     | Entered Level 16 of the Dungeon
 28042 | D:16     | Noticed Sonja
 28044 | D:16     | Killed Sonja
 28517 | D:16     | Noticed Roxanne
 28900 | D:16     | Reached skill level 10 in Charms
 29037 | D:16     | Found a staircase to the Depths.
 29696 | Vaults:1 | Entered Level 1 of the Vaults
 30080 | Vaults:1 | Identified the cursed -4 scale mail of the Ditch-Digger {rPois Str+1}
 30126 | Vaults:1 | Reached XP level 17. HP: 113/113 MP: 30/32
 30287 | Vaults:1 | Reached skill level 5 in Fighting
 31527 | Vaults:1 | Paralysed by a centaur warrior for 2 turns
 31932 | Vaults:1 | Paralysed by a sphinx for 6 turns
 32758 | Vaults:2 | Found a staircase to the Crypt.
 33490 | Vaults:2 | Noticed Saint Roka
 33502 | Vaults:2 | Killed Saint Roka
 35280 | Vaults:3 | Noticed Norris
 35365 | Vaults:3 | Killed Norris
 35540 | Vaults:3 | Noticed Aizul
 35545 | Vaults:3 | Killed Aizul
 35545 | Vaults:3 | Reached XP level 18. HP: 132/134 MP: 33/33
 35897 | Vaults:3 | Reached skill level 10 in Fighting
 36173 | Vaults:3 | Noticed Wiglaf
 36177 | Vaults:3 | Killed Wiglaf
 37080 | Vaults:3 | Identified the +6,+6 great sword of Analysis {slice, rN+ Int+1}
 37183 | Vaults:3 | Reached skill level 23 in Stealth
 38156 | Vaults:4 | Found Tarapn's Distillery.
 38160 | Vaults:4 | Bought a potion of strong poison for 32 gold pieces
 38183 | Vaults:4 | Reached skill level 1 in Armour
 38559 | Vaults:4 | Found a staircase to the Hall of Blades.
 39019 | Vaults:4 | Noticed Mara
 39030 | Vaults:4 | Killed Mara
 39957 | Vaults:4 | Reached XP level 19. HP: 143/143 MP: 33/33
 40420 | Vaults:4 | Reached skill level 5 in Armour
 40445 | Vaults:4 | Shot with a bolt of penetration by a vault warden

Action                   |  1- 3 |  4- 6 |  7- 9 | 10-12 | 13-15 | 16-18 | 19-21 || total
-------------------------+-------+-------+-------+-------+-------+-------+-------++-------
Melee: Dagger            |   192 |   137 |   282 |   488 |   847 |   954 |    24 ||  2924
Throw: Dart              |    12 |       |       |       |       |       |       ||    12
       Throwing net      |       |       |       |       |     2 |       |       ||     2
 Cast: Corona            |    26 |     6 |     2 |       |     4 |     3 |       ||    41
       Confuse           |     2 |    13 |     9 |     2 |    26 |    67 |     6 ||   125
       Ensorcelled Hiber |       |    12 |    55 |   146 |   180 |   172 |     6 ||   571
       Sure Blade        |       |    13 |     1 |       |    20 |    70 |       ||   104
       Invisibility      |       |       |     1 |    12 |    36 |    42 |     1 ||    92
       Flight            |       |       |       |     2 |    42 |    20 |       ||    64
       Enslavement       |       |       |       |     1 |     2 |    40 |     7 ||    50
       Repel Missiles    |       |       |       |       |     4 |    25 |     1 ||    30
       Passwall          |       |       |       |       |       |    14 |       ||    14
       Haste             |       |       |       |       |       |     9 |       ||     9
Invok: Scrying           |       |       |       |       |       |     1 |       ||     1
 Abil: End Transformatio |       |       |       |     2 |     1 |       |       ||     3
       Bat Form          |       |       |       |     2 |     1 |       |       ||     3
Evoke: Wand              |       |     1 |     7 |     3 |     3 |     4 |       ||    18
  Use: Potion            |     1 |     2 |     5 |     6 |     2 |    10 |     4 ||    30
       Scroll            |     1 |     8 |    15 |    14 |    12 |     5 |     1 ||    56
 Stab: Sleeping          |     5 |    18 |   112 |   229 |   367 |   333 |     2 ||  1066
       Confused          |     1 |     9 |    10 |     2 |    15 |    38 |     1 ||    76
       Invisible         |       |       |     9 |    12 |    87 |   109 |     5 ||   222
       Distracted        |       |       |     1 |     1 |     3 |     9 |       ||    14
       Paralysed         |       |       |       |       |     2 |       |       ||     2
